 Dungeon Crawl Stone Soup version 0.31-a0-188-g5e087ee2ca (webtiles) character file.

Game seed: 11137546064073964226

480 qw the Skirmisher (level 6, -18/36 HPs)
             Began as a Deep Elf Hunter on June 23, 2023.
             Demolished by a two-headed ogre
             ... wielding a +0 giant club
              (25 damage)
             ... on level 5 of the Dungeon.
             The game lasted 00:01:38 (3902 turns).

qw the Skirmisher (Deep Elf Hunter)                 Turns: 3902, Time: 00:01:38

Health: -18/36     AC:  5    Str: 10    XL:     6   Next: 86%
Magic:  8/8        EV: 12    Int: 16    God:
Gold:   184        SH:  0    Dex: 24    Spells: 5/5 levels left

rFire   . . .        Y - +0 orcbow
rCold   . . .        (shield currently unavailable)
rNeg    + . .        o - +0 ring mail
rPois   .            (no helmet)
rElec   .            (no cloak)
rCorr   .            (no gloves)
SInv    .            (no boots)
Will    .....        (no amulet)
Stlth   ++           c - ring of the Gloaming {rN+ Int+2}
HPRegen 0.26/turn    e - +6 ring of dexterity
MPRegen 0.11/turn

%: no passive effects
@: no status effects
A: mutation resistance 1, subdued magic 1
a: no special abilities


You were on level 5 of the Dungeon.
You visited 1 branch of the dungeon, and saw 5 of its levels.

You collected 287 gold pieces.
You spent 103 gold pieces at shops.


Innate Abilities, Weirdness & Mutations

You are somewhat resistant to further mutation.
Your spells are a little easier to cast, but a little less powerful.


   Skills:
 - Level 2.3 Fighting
 + Level 9.8 Ranged Weapons
 - Level 4.0 Dodging
 - Level 1.2 Stealth


You had 5 spell levels left.
You didn't know any spells.
Your spell library was empty.

Inventory:

Hand Weapons
 Y - a +0 orcbow (weapon)
Armour
 o - a +0 ring mail (worn)
Jewellery
 c - the ring of the Gloaming (left hand) {rN+ Int+2}
   (You found it on level 4 of the Dungeon)

   [ring of positive energy]

   Int:       It affects your intelligence (+2).
   rN:        It protects you from negative energy.
 e - a +6 ring of dexterity (right hand)
Scrolls
 a - a scroll of identify
Potions
 d - a potion of mutation
 f - a potion of might
 g - 4 potions of curing
 h - 2 potions of haste
 j - a potion of resistance {unknown}
 l - a potion of cancellation
 m - 2 potions of enlightenment
 n - a potion of lignification {unknown}

Dungeon Overview and Level Annotations

Branches:
Dungeon (5/15)
 Temple: D:4-7

Altars:
Makhleb
Ru
Sif Muna
Trog
Wu Jian

Shops:
D:2 (*(   D:4 :

Annotations:
D:4 exclusion: 2 gnolls


Message History

f - a potion of might;
3856 ||| IDENTIFYING brown potion Partly explored, can't reach some items and places.
3857 ||| READING 2 scrolls of identify.
As you read the scroll of identify, it crumbles to dust.
i - a potion of ambrosia;
3857 ||| IDENTIFYING inky potion Partly explored, can't reach some items and places.
3858 ||| DROPPING potion of ambrosia.
You drop a potion of ambrosia.
Partly explored, can't reach some items and places.
(D) Dungeon
Where to? (* - list waypoints, Enter - D:4, ? - help)
What level of the Dungeon? (default 1, ? - help)
You see here a scroll of vulnerability.
There is an open door here.
There is a stone staircase leading down here.
You climb downwards.
There is a stone staircase leading up here.
Waypoint 4 assigned to D:5.
A two-headed ogre comes into view.
It is wielding a +0 giant club and a +0 dire flail.
The two-headed ogre shouts in stereo!
You shoot an arrow.
The arrow barely misses the two-headed ogre.
You shoot an arrow. The arrow hits the two-headed ogre!
The two-headed ogre is lightly wounded.
You shoot an arrow.
The arrow barely misses the two-headed ogre.
You shoot an arrow. The arrow hits the two-headed ogre!
The two-headed ogre is heavily wounded.
You shoot an arrow. The arrow hits the two-headed ogre.
The two-headed ogre is heavily wounded.
The two-headed ogre hits you with a +0 giant club!
The two-headed ogre barely misses you.
You shoot an arrow. The arrow hits the two-headed ogre.
The two-headed ogre is heavily wounded.
The two-headed ogre closely misses you.
The two-headed ogre hits you with a +0 dire flail!
You shoot an arrow. The arrow hits the two-headed ogre!
The two-headed ogre is severely wounded.
The two-headed ogre hits you with a +0 giant club!!
Ouch! That really hurt!
You die...

......#
###....#
#......+
####...##.#
#...#<....#
#.#.#######
# #...#
###.######.#
#...@O...#
#######..#
... .


You could see a two-headed ogre.

Vanquished Creatures
  A black bear (D:4)
  A howler monkey (D:4)
  3 iguanas (D:4)
  8 gnolls
  5 adders
  3 ufetubi (D:4)
  A worm (D:4)
  3 dart slugs
  6 orcs (D:4)
  15 endoplasms
  3 giant cockroaches
  8 hobgoblins
  5 jackals (D:1)
  10 kobolds
  4 quokkas
  9 ball pythons
  14 bats
  6 frilled lizards
  7 goblins
  16 rats
128 creatures vanquished.

Notes
Turn   | Place    | Note
-------+----------+-------------------------------------------
     0 | D:1      | qw the Deep Elf Hunter began the quest for the Orb.
     0 | D:1      | Reached XP level 1. HP: 12/12 MP: 3/3
     0 | D:1      | 0 ||| qw: Version: 0.3-a-9-g12657ce
     0 | D:1      | 0 ||| qw: Game counter: 3207
     0 | D:1      | 0 ||| qw: Always use a shield: true
     0 | D:1      | 0 ||| qw: God list: Okawaru
     0 | D:1      | 0 ||| qw: Allow faded altars: false
     0 | D:1      | 0 ||| qw: Do Orc after D:15 true
     0 | D:1      | 0 ||| qw: Do second Lair branch before Depths: true
     0 | D:1      | 0 ||| qw: Lair rune preference: random
     0 | D:1      | 0 ||| qw: Plans: Normal
     0 | D:1      | 0 ||| PLANNING D:1-11
    47 | D:1      | Reached XP level 2. HP: 16/16 MP: 4/4
    49 | D:1      | Reached skill level 6 in Ranged Weapons
   203 | D:1      | Found a faded altar of an unknown god.
   276 | D:1      | Reached XP level 3. HP: 20/20 MP: 5/5
   486 | D:1      | 486 ||| Stepping ~*~*~tactically~*~*~ (outnumbered).
   549 | D:1      | Reached skill level 7 in Ranged Weapons
   888 | D:1      | 888 ||| UPGRADING to +0 ring mail.
   898 | D:1      | 898 ||| DROPPING +0 leather armour.
   899 | D:1      | 899 ||| READING 2 scrolls labelled WUXTOO FEZU.
   900 | D:1      | 900 ||| READING 2 scrolls labelled CIUNOW ODWIFUU.
   904 | D:1      | 904 ||| READING scroll labelled REUGGO MEANENK.
   905 | D:1      | 905 ||| READING scroll labelled WESARR RAAHOEWN.
   906 | D:1      | 906 ||| READING scroll labelled AMUENO CINYUTYR.
   907 | D:1      | 907 ||| DRINKING 2 sapphire potions.
   908 | D:1      | 908 ||| DRINKING 2 clear potions.
   909 | D:1      | 909 ||| DRINKING 2 coppery potions.
   910 | D:1      | 910 ||| DROPPING scroll of fear.
   911 | D:1      | 911 ||| DROPPING scroll of butterflies.
   941 | D:2      | 941 ||| STAIRDANCE
   955 | D:2      | Found Zoced's Assorted Antiques.
   992 | D:2      | Reached XP level 4. HP: 25/25 MP: 6/6
  1067 | D:2      | Found Ususo's Antique Weapon Shoppe.
  1074 | D:2      | 1074 ||| SHOPLISTING runed longbow (275 gold, have 73).
  1098 | D:2      | 1098 ||| Stepping ~*~*~tactically~*~*~ (outnumbered).
  1108 | D:2      | HP: 2/25 [gnoll/+0 spear (7)]
  1109 | D:2      | Reached skill level 8 in Ranged Weapons
  1109 | D:2      | 1109 ||| READING 2 scrolls of teleportation.
  1110 | D:2      | 1110 ||| DRINKING potion of heal wounds.
  1477 | D:2      | Found Maiheypp's Weapon Boutique.
  1484 | D:2      | 1484 ||| BUYING +0 orcbow (42 gold).
  1484 | D:2      | Bought a +0 orcbow for 42 gold pieces
  1484 | D:2      | 1484 ||| SWAPPING to +0 orcbow.
  1486 | D:2      | 1486 ||| DROPPING +0 shortbow of freezing.
  1545 | D:2      | 1545 ||| BUYING 2 bubbling orange potions (41 gold).
  1545 | D:2      | Bought 2 bubbling orange potions for 41 gold pieces
  1545 | D:2      | 1545 ||| BUYING fizzy brown potion (20 gold).
  1545 | D:2      | Bought a fizzy brown potion for 20 gold pieces
  1545 | D:2      | 1545 ||| SHOPLISTING forked gold wand (92 gold, have 21).
  1545 | D:2      | 1545 ||| SHOPLISTING runed leather armour (115 gold, have
                  | 21).
  1545 | D:2      | 1545 ||| SHOPLISTING scroll labelled JIYSY HIOMPUUK (23
                  | gold, have 21).
  1545 | D:2      | 1545 ||| SHOPLISTING scroll labelled VEESIL WUOVIZ (23
                  | gold, have 21).
  1545 | D:2      | 1545 ||| SHOPLISTING scroll of teleportation (69 gold, have
                  | 21).
  1604 | D:2      | Reached XP level 5. HP: 29/29 MP: 7/7
  1725 | D:2      | 1725 ||| READING scroll labelled VEESIL WUOVIZ.
  1726 | D:2      | 1726 ||| READING scroll labelled YMUXTAE BOUTZO.
  1727 | D:2      | 1727 ||| DRINKING 2 bubbling orange potions.
  1727 | D:2      | Gained mutation: Your spells are a little easier to cast,
                  | but a little less powerful. [potion of mutation]
  1727 | D:2      | Gained mutation: You are somewhat resistant to further
                  | mutation. [potion of mutation]
  1728 | D:2      | 1728 ||| DRINKING 2 fizzy brown potions.
  1729 | D:2      | 1729 ||| READING 2 scrolls of identify.
  1729 | D:2      | 1729 ||| IDENTIFYING smoky clear potion
  2236 | D:3      | 2236 ||| READING scroll labelled TIMYIDUGOL.
  2237 | D:3      | 2237 ||| READING scroll labelled RILATA DUOGH.
  2490 | D:4      | Found an ornate altar of the Wu Jian Council.
  2502 | D:4      | HP: 7/29 [poisoned by an orc]
  2503 | D:4      | 2503 ||| READING scroll of teleportation.
  2504 | D:4      | 2504 ||| DRINKING potion of heal wounds.
  2617 | D:4      | Reached skill level 9 in Ranged Weapons
  2642 | D:4      | Identified the ring of the Gloaming {rN+ Int+2}
  2777 | D:4      | Reached XP level 6. HP: 36/36 MP: 8/8
  2855 | D:4      | 2855 ||| UPGRADING to ring of the Gloaming {rN+ Int+2}.
  2858 | D:4      | 2858 ||| UPGRADING to +6 ring of dexterity.
  2858 | D:4      | HP: 8/36 [gnoll/+0 spear (6)]
  2859 | D:4      | 2859 ||| READING scroll of teleportation.
  2860 | D:4      | HP: 2/36 [gnoll/+0 spear (6)]
  3560 | D:4      | Found Ucazxin's Book Boutique.
  3737 | D:4      | Found a sacrificial altar of Ru.
  3737 | D:4      | Found a bloodstained altar of Trog.
  3744 | D:4      | Found a burning altar of Makhleb.
  3746 | D:4      | Found a shimmering blue altar of Sif Muna.
  3748 | D:4      | Found an ornate altar of the Wu Jian Council.
  3854 | D:4      | 3854 ||| READING scroll labelled QITHOM INASHEUSASA.
  3855 | D:4      | 3855 ||| READING scroll labelled NIALAMPO PETI.
  3856 | D:4      | 3856 ||| READING 3 scrolls of identify.
  3856 | D:4      | 3856 ||| IDENTIFYING brown potion
  3857 | D:4      | 3857 ||| READING 2 scrolls of identify.
  3857 | D:4      | 3857 ||| IDENTIFYING inky potion
  3858 | D:4      | 3858 ||| DROPPING potion of ambrosia.
  3884 | D:5      | Entered Level 5 of the Dungeon
  3895 | D:5      | Noticed a two-headed ogre
  3901 | D:5      | HP: 6/36 [two-headed ogre/+0 giant club (14)]
  3902 | D:5      | Demolished by a two-headed ogre

Levels and vault maps discovered:
D:1:      onia_arrival_handbag, layout_basic,
          dreamdust_ecumenical_altar_angels_and_demons, minmay_split_cup_small
D:2:      layout_loops_ring, serial_shops, nicolae_shop_window_shopping, shop,
          shop, serial_park_tiny_1, minmay_rat_gold_closets
D:3:      layout_rooms, minmay_misc_feat_pillars, palyth_stone_intersect,
          grunt_decor_one_mirror
D:4:      minmay_thinvault, layout_loops_corners,
          chequers_temple_overflow_minitemple, serial_shops, shop,
          serial_park_tiny_pond, minmay_ruined_shrine
D:5:      gammafunk_wand_slinger, layout_basic, jmf_multi_god_temple2,
          minmay_temple_entry_nine_rooms, uniq_menkaure, uniq_edmund

Skill      XL: |  1  2  3  4  5  6 |
---------------+-------------------+-----
Ranged Weapons | 6 7 8 9 |  9.8
Fighting       | 2 |  2.3
Dodging        | 4 |  4.0
Stealth        | |  1.2

Action                     |  1- 3 |  4- 6 || total
---------------------------+-------+-------++-------
   Fire: Shortbow          |   114 |    50 ||   164
         Orcbow            |       |   144 ||   144
    Use: Scroll            |     5 |    12 ||    17
         Potion            |     3 |     4 ||     7
 Armour: Leather armour    |    13 |       ||    13
         Ring mail         |       |    30 ||    30
  Dodge: Dodged            |    38 |    45 ||    83

Table legend:
 A = Non-vault XP
 B = Vault XP
 C = Vault XP percentage of total XP
 D = Non-vault monster count
 E = Vault monster count
 F = Vault count percentage of total count
                 A         B        C        D         E       F
            +---------+---------+-------+---------+---------+-------
      Total |     395 |     291 |  42.4 |      89 |      39 |  30.5
            +---------+---------+-------+---------+---------+-------
        D:1 |      65 |      11 |  14.5 |      39 |       7 |  15.2
        D:2 |     115 |       9 |   7.3 |      24 |       9 |  27.3
        D:3 |      20 |       0 |   0.0 |      10 |       0 |   0.0
        D:4 |     195 |     271 |  58.2 |      16 |      23 |  59.0
            +---------+---------+-------+---------+---------+-------
